 Dungeon Crawl Stone Soup version 0.31-a0-187-gba352fbbf7 (webtiles) character file.

Game seed: 1749981838017406959

88 qw the Shooter (level 4, -11/25 HPs)
             Began as a Deep Elf Hunter on June 22, 2023.
             Killed by divine providence
             ... invoked by an orc priest
              (15 damage)
             ... on level 3 of the Dungeon.
             The game lasted 00:00:40 (1573 turns).

qw the Shooter (Deep Elf Hunter)                    Turns: 1573, Time: 00:00:41

Health: -11/25     AC:  5    Str: 10    XL:     4   Next: 30%
Magic:  6/6        EV: 12    Int: 17    God:
Gold:   104        SH:  0    Dex: 18    Spells: 3/3 levels left

rFire   . . .        Y - +0 shortbow
rCold   . . .        (shield currently unavailable)
rNeg    . . .        k - +1 leather armour of Least Resistance {rPois Int+3}
rPois   +            (no helmet)
rElec   .            (no cloak)
rCorr   .            (no gloves)
SInv    .            e - +0 pair of boots
Will    .....        (no amulet)
Stlth   ++           (no ring)
HPRegen 0.24/turn    (no ring)
MPRegen 0.10/turn

%: no passive effects
@: no status effects
A: no striking features
a: no special abilities


You were on level 3 of the Dungeon.
You visited 1 branch of the dungeon, and saw 3 of its levels.

You collected 104 gold pieces.


   Skills:
 - Level 1.5 Fighting
 + Level 7.7 Ranged Weapons
 - Level 2.4 Dodging
 - Level 1.2 Stealth


You had 3 spell levels left.
You didn't know any spells.
Your spell library was empty.

Inventory:

Hand Weapons
 Y - a +0 shortbow (weapon)
Armour
 e - a +0 pair of boots (worn)
 f - a +0 ring mail
 k - the +1 leather armour of Least Resistance (worn) {rPois Int+3}
   (You found it on level 2 of the Dungeon)

   Int:       It affects your intelligence (+3).
   rPois:     It protects you from poison.
Scrolls
 c - a scroll of identify
Potions
 g - a potion of lignification {unknown}

Dungeon Overview and Level Annotations

Branches:
Dungeon (3/15)

Altars:
Hepliaklqana


Message History

You shoot an arrow. The arrow barely misses the orc.
Something hits you. The orc barely misses you.
You shoot an arrow. The arrow hits the orc!
You kill the orc!
You hear a shout!
Something hits you but does no damage.
You shoot an arrow. The arrow hits the orc.
You kill the orc!
Something hits you but does no damage.
An orc priest comes into view. It is wielding a +0 club.
You shoot an arrow. The arrow barely misses the orc.
The orc priest shouts!
The orc hits you but does no damage.
A hobgoblin comes into view. It is wielding a +0 sling.
Something hits you but does no damage.
You shoot an arrow. The arrow hits the orc.
You kill the orc!
You hear some strange, mumbled words.
A magic dart appears from out of thin air!
The magic dart hits you.
You shoot an arrow. The arrow hits the orc.
The orc is heavily wounded.
You hear some strange, mumbled words.
Something tries to affect you, but you resist.
The orc hits you with a +0 short sword.
You shoot an arrow. The arrow hits the orc.
The orc is almost dead.
You hear some strange, mumbled words.
You are confused.
The orc hits you but does no damage. Something hits you.
The orc barely misses you. Something hits you but does no damage.
The orc hits you with a +0 short sword. The orc closely misses you.
Something barely misses you. The orc closely misses you. Something hits you.
Something hits you but does no damage. The orc hits you but does no damage.
You feel less confused.
The orc priest invokes the aid of Beogh against you.
Beogh smites you!
Ouch! That really hurt!
You die... #.. #.# #.# #.# #.# # #.##.# #{ogo#

#@#
#.#
#.#
#.#
#.#
#.#
#.##
#..##
##..#


You could see an orc priest, an orc and a hobgoblin.

Vanquished Creatures
  3 adders (D:2)
  A white imp (D:3)
  A worm (D:2)
  A dart slug (D:1)
  6 orcs (D:3)
  3 ball pythons (D:1)
  5 endoplasms
  3 goblins
  3 hobgoblins
  2 jackals (D:2)
  2 quokkas (D:2)
  5 bats
  3 frilled lizards
  2 kobolds
  4 rats
44 creatures vanquished.

Notes
Turn   | Place    | Note
-------+----------+-------------------------------------------
     0 | D:1      | qw the Deep Elf Hunter began the quest for the Orb.
     0 | D:1      | Reached XP level 1. HP: 12/12 MP: 3/3
     0 | D:1      | 0 ||| qw: Version: 0.3-a-9-g12657ce
     0 | D:1      | 0 ||| qw: Game counter: 2279
     0 | D:1      | 0 ||| qw: Always use a shield: true
     0 | D:1      | 0 ||| qw: God list: Okawaru
     0 | D:1      | 0 ||| qw: Allow faded altars: false
     0 | D:1      | 0 ||| qw: Do Orc after D:15 true
     0 | D:1      | 0 ||| qw: Do second Lair branch before Depths: true
     0 | D:1      | 0 ||| qw: Lair rune preference: random
     0 | D:1      | 0 ||| qw: Plans: Normal
     0 | D:1      | 0 ||| PLANNING D:1-11
    23 | D:1      | 23 ||| FLEEEEING.
   111 | D:1      | Reached XP level 2. HP: 16/16 MP: 4/4
   133 | D:1      | Reached skill level 6 in Ranged Weapons
   395 | D:1      | 395 ||| UPGRADING to +0 pair of boots.
   400 | D:1      | 400 ||| UPGRADING to +0 ring mail.
   410 | D:1      | 410 ||| DROPPING +0 leather armour.
   411 | D:1      | 411 ||| READING scroll labelled KYUNWIAS INGE.
   412 | D:1      | 412 ||| READING scroll labelled ITEIMEM JELL.
   413 | D:1      | 413 ||| DROPPING scroll of butterflies.
   469 | D:2      | Reached XP level 3. HP: 20/20 MP: 5/5
   513 | D:2      | Found a hazy altar of Hepliaklqana.
   561 | D:2      | Reached skill level 7 in Ranged Weapons
   876 | D:2      | Found a faded altar of an unknown god.
  1058 | D:2      | Identified the +1 leather armour of Least Resistance {rPois
                  | Int+3}
  1254 | D:2      | 1254 ||| UPGRADING to +1 leather armour of Least Resistance
                  | {rPois Int+3}.
  1264 | D:2      | 1264 ||| DROPPING +6 ring of intelligence.
  1265 | D:2      | 1265 ||| READING scroll labelled VUMETY BULOZO.
  1266 | D:2      | 1266 ||| READING 2 scrolls labelled YTOZ VUUHAUM.
  1267 | D:2      | 1267 ||| READING scroll labelled OHALOFFYO.
  1368 | D:2      | 1368 ||| READING scroll labelled TOQO LUOFEU.
  1371 | D:2      | 1371 ||| DRINKING 2 white potions.
  1372 | D:2      | 1372 ||| DROPPING scroll of fear.
  1446 | D:3      | Reached XP level 4. HP: 25/25 MP: 6/6
  1550 | D:3      | HP: 6/25 [orc/+0 dagger (1)]
  1551 | D:3      | 1551 ||| DRINKING potion of heal wounds.
  1569 | D:3      | HP: 5/25 [orc/+0 short sword (3)]
  1573 | D:3      | Killed from afar by an orc priest

Levels and vault maps discovered:
D:1:      dpeg_arrival_simpleton_b, layout_rooms
D:2:      layout_basic, ebering_ecumenical_altar_mist, basic_altar
D:3:      cheibrodos_pilgrimage, layout_basic

Skill      XL: |  1  2  3 |
---------------+----------+-----
Ranged Weapons | 6 7 |  7.7
Fighting       | |  1.5
Dodging        | |  2.4
Stealth        | |  1.2

Action                     |  1- 3 |  4- 6 || total
---------------------------+-------+-------++-------
   Fire: Shortbow          |    95 |    31 ||   126
    Use: Scroll            |     6 |       ||     6
         Potion            |     1 |     1 ||     2
 Armour: Ring mail         |    16 |       ||    16
         Leather armour    |     1 |    21 ||    22
  Dodge: Dodged            |    27 |    21 ||    48

Table legend:
 A = Non-vault XP
 B = Vault XP
 C = Vault XP percentage of total XP
 D = Non-vault monster count
 E = Vault monster count
 F = Vault count percentage of total count
                 A         B        C        D         E       F
            +---------+---------+-------+---------+---------+-------
      Total |     127 |       0 |   0.0 |      44 |       0 |   0.0
            +---------+---------+-------+---------+---------+-------
        D:1 |      23 |       0 |   0.0 |      14 |       0 |   0.0
        D:2 |      72 |       0 |   0.0 |      21 |       0 |   0.0
        D:3 |      32 |       0 |   0.0 |       9 |       0 |   0.0
            +---------+---------+-------+---------+---------+-------
